 Dungeon Crawl Stone Soup version 0.21-a0-625-g1119ec1 (webtiles) character file.

13696 Lanoc the Thaumaturge (level 12, -2/82 HPs)
             Began as a Gnoll Air Elementalist on Dec 24, 2017.
             Was an Elder of Ashenzari.
             Slain by a slime creature (11 damage)
             ... on level 11 of the Dungeon.
             The game lasted 01:20:08 (17889 turns).

Lanoc the Thaumaturge (Gnoll Air Elementalist)     Turns: 17889, Time: 01:20:09

Health: -2/82      AC: 10    Str: 13    XL:     12   Next: 8%
Magic:  24/24      EV: 17    Int: 21    God:    Ashenzari [****..]
Gold:   649        SH:  0    Dex: 17    Spells: 13/28 levels left

rFire    . . .     SeeInvis +   t - +3 quarterstaff (curse)
rCold    . . .     Gourm    .   (shield currently unavailable)
rNeg     + . .     Faith    +   D - +0 leather armour (curse)
rPois    +         Spirit   .   v - +1 helmet (curse)
rElec    .         Reflect  .   i - +1 cloak {rPois}
rCorr    .         Harm     .   (no gloves)
MR       .....     Clarity  +   V - +0 pair of boots
Stlth    ++++......             G - amulet of faith
HPRegen  0.23/turn              s - ring of positive energy
MPRegen  0.19/turn              Q - ring of poison resistance

@: studying Fighting
A: distributed training, fangs 1, frail 1, shaggy fur 1, strong 1, strong nose
a: Curse Item, Scrying, Renounce Religion


You were on level 11 of the Dungeon.
You worshipped Ashenzari.
Ashenzari was greatly pleased with you.
You were hungry.

You visited 2 branches of the dungeon, and saw 13 of its levels.

You collected 649 gold pieces.

Inventory:

Hand Weapons
 b - a +2 whip of freezing
 t - a cursed +3 quarterstaff (weapon)
 x - a +3 demon blade of draining
 C - the cursed +2 falchion "Niuschi" {flame, +Blink}
   (You found it on level 11 of the Dungeon)

   It has been specially enchanted to burn those struck by it, causing extra
   injury to most foes and up to half again as much damage against particularly
   susceptible opponents.
   Big, fiery blades are also staple armaments of hydra-hunters.
   It lets you blink.
   It has a curse placed upon it.
 P - the +4 war axe "Amug Sid" {flame, Str+4}
   (You found it on level 12 of the Dungeon)

   It has been specially enchanted to burn those struck by it, causing extra
   injury to most foes and up to half again as much damage against particularly
   susceptible opponents.
   Big, fiery blades are also staple armaments of hydra-hunters.
   It affects your strength (+4).
Missiles
 h - 290 arrows
 r - 8 javelins (quivered)
 u - 35 bolts
Armour
 i - a +1 cloak of poison resistance (worn)
 v - a cursed +1 helmet (worn)
 D - a cursed +0 leather armour (worn)
 J - a +0 helmet
 K - the +1 leather armour of Kithricos {MR+ Str+2 Stlth+}
   (You found it on level 12 of the Dungeon)

   It affects your strength (+2).
   It affects your resistance to hostile enchantments.
   It makes you more stealthy.
 N - a +2 leather armour of cold resistance
 S - a +1 leather armour of fire resistance
 V - a +0 pair of boots (worn)
Magical Staves
 M - an uncursed staff of power
 X - an uncursed staff of wizardry
 Z - an uncursed staff of air
Jewellery
 l - an uncursed amulet of rage
 s - a ring of positive energy (left hand)
 w - an uncursed ring of protection from fire
 G - an amulet of faith (around neck)
 Q - a ring of poison resistance (right hand)
 U - an uncursed ring of positive energy
Wands
 z - a wand of acid (4)
 F - a wand of flame (16)
 O - a wand of iceblast (9)
 W - a wand of polymorph (11)
Scrolls
 a - a scroll of silence
 c - a scroll of identify
 e - 2 scrolls of teleportation
 j - 4 scrolls of fear
 k - a scroll of immolation
 n - a scroll of fog
 o - 4 scrolls of amnesia
 y - 2 scrolls of blinking {unknown}
 H - 2 scrolls of remove curse
 L - 2 scrolls of magic mapping
 R - a scroll of enchant armour {unknown}
Potions
 d - 2 potions of might
 f - 4 potions of curing
 g - a potion of resistance
 m - a potion of haste
 p - a potion of magic
 q - a potion of agility
 B - a potion of lignification {unknown}
 E - 2 potions of heal wounds {unknown}
Books
 T - a manual of Fighting
Comestibles
 I - 8 rations


   Skills:
 + Level 8.1 Fighting
 + Level 6.8 Short Blades
 + Level 6.8 Long Blades
 + Level 6.8 Axes
 + Level 6.8 Maces & Flails
 + Level 6.8 Polearms
 + Level 6.8(11.3) Staves
 + Level 6.8 Slings
 + Level 6.8 Bows
 + Level 6.8 Crossbows
 + Level 6.8 Throwing
 + Level 6.8 Armour
 + Level 8.3 Dodging
 + Level 8.1 Stealth
 + Level 6.8 Shields
 + Level 6.8 Unarmed Combat
 + Level 8.5 Spellcasting
 + Level 6.1 Conjurations
 + Level 5.6 Hexes
 + Level 5.6 Charms
 + Level 5.6 Summonings
 + Level 5.6 Necromancy
 + Level 5.6 Translocations
 + Level 5.6 Transmutations
 + Level 5.6 Fire Magic
 + Level 5.6 Ice Magic
 + Level 8.0 Air Magic
 + Level 5.6 Earth Magic
 + Level 5.6 Poison Magic
 + Level 7.4 Invocations
 + Level 6.8 Evocations


You had 13 spell levels left.
You knew the following spells:

 Your Spells              Type           Power        Failure   Level  Hunger
a - Shock                 Conj/Air       ####         1%          1    None
b - Swiftness             Chrm/Air       #####...     1%          2    None
c - Static Discharge      Conj/Air       #####...     1%          3    None
d - Airstrike             Air            #####.....   3%          4    ###....
e - Lightning Bolt        Conj/Air       #####.....   14%         5    #####..


Dungeon Overview and Level Annotations

Branches:
Dungeon (12/15)            Temple (1/1) D:5            Lair (0/6) D:8
    Orc (0/2) D:11

Altars:
Ashenzari
Dithmenos
Fedhas
Gozag
Kikubaaqudgha
Nemelex Xobeh
Qazlal
Trog
Uskayaw
Wu Jian
Yredelemnul
Zin
The Shining One

Shops:
D:5 *   D:10 (   D:12 }

Annotations:
D:2 exclusion: oklob plant
D:8 tidbits's ghost, novice GnTm


Innate Abilities, Weirdness & Mutations

Your experience applies equally to all skills.
You have very sharp teeth.
Your uncanny sense of smell can sniff out nearby items.
You are frail. (-10% HP)
You are covered in fur. (AC +1)
Your muscles are strong. (Str +2)


Message History

You sock the slime creature! You bite the slime creature.
The slime creature is severely wounded.
The slime creature barely misses you.
You hit the slime creature. You bite the slime creature.
The slime creature is almost dead.
The slime creature closely misses you.
You hit the slime creature.
The slime creature is almost dead.
The slime creature hits you!!
* * * LOW HITPOINT WARNING * * *
The slime creature barely misses you.
There is a stone staircase leading up here.
The slime creature hits you.
* * * LOW HITPOINT WARNING * * *
The slime creature completely misses you.
You climb upwards.
There is a stone staircase leading down here.
The slime creature hits you but does no damage.
The slime creature hits you!
You die...

#######....####.........###......
...........# ##..##.#.## #....##
##########.# ##.##...# #.####
......# #.# #....######.# #####.#
#.# #...........# #.# #.#
##....######## #.# #.#####....##
#.####......JJ### #...........@>#
###############


You could see 2 slime creatures.

Vanquished Creatures
  A tengu warrior (D:12)
  2 two-headed ogres
  The ghost of slowboat the Carver, a novice TeCK of Xom (D:11)
  An unseen horror (D:11)
  A deep elf mage (D:12)
  Pikel (D:5)
  An ugly thing (D:11)
  A centaur zombie (D:11)
  A gargoyle (D:11)
  2 trolls
  Prince Ribbit (D:6)
  A slime creature (D:12)
  3 hippogriffs
  A shadow (D:11)
  2 wyverns
  Grum (D:9)
  3 fire elementals (D:12)
  3 hungry ghosts
  A hell hound (D:12)
  An ice beast (D:7)
  2 orc warriors
  A sky beast (D:7)
  2 slaves
  3 phantoms
  The ghost of Lanoc the Vexing, an amateur NaAM (D:3)
  4 wolves
  4 ogres
  A crocodile (D:11)
  7 centaurs
  3 big kobolds
  8 bullfrogs
  A wyvern zombie (D:7)
  A wyvern skeleton (D:10)
  3 scorpions
  9 killer bees
  16 wights
  A howler monkey (D:6)
  3 crimson imps
  12 orc priests
  5 jellies
  Crazy Yiuf (D:7)
  4 hounds
  14 orc wizards
  2 bullfrog skeletons
  Natasha (thrice) (D:2)
  9 worker ants
  2 iguanas
  2 hound zombies
  Robin (D:3)
  A worker ant zombie (D:9)
  11 gnolls
  13 adders
  3 shadow imps
  An ooze (D:2)
  2 adder skeletons
  6 worms
  A dart slug (D:4)
  3 leopard geckos
  51 orcs
  5 bats
  2 giant cockroaches
  13 goblins
  12 hobgoblins
  14 jackals
  3 quokkas
  11 frilled lizards
  A giant cockroach zombie (D:5)
  A jackal skeleton (D:6)
  26 kobolds
  2 quokka skeletons
  5 rats
341 creatures vanquished.

Vanquished Creatures (others)
  A centaur zombie (D:6)
  A hound (D:6)
  3 orc wizards (D:6)
  A leopard gecko (D:6)
  4 orcs
10 creatures vanquished.

Grand Total: 351 creatures vanquished

Notes
Turn   | Place    | Note
-------+----------+-------------------------------------------
     0 | D:1      | Lanoc the Gnoll Air Elementalist began the quest for the Orb.
     0 | D:1      | Reached XP level 1. HP: 13/13 MP: 6/6
   140 | D:1      | Reached XP level 2. HP: 19/19 MP: 2/7
   315 | D:1      | Learned a level 2 spell: Swiftness
   490 | D:1      | Reached XP level 3. HP: 25/25 MP: 5/9
   709 | D:2      | Noticed Natasha
   717 | D:2      | Killed Natasha
   717 | D:2      | Reached skill level 5 in Spellcasting
   717 | D:2      | Reached skill level 1 in Invocations
   743 | D:2      | Reached skill level 1 in Fighting
   743 | D:2      | Reached skill level 1 in Short Blades
   743 | D:2      | Reached skill level 1 in Long Blades
   743 | D:2      | Reached skill level 1 in Axes
   743 | D:2      | Reached skill level 1 in Maces & Flails
   743 | D:2      | Reached skill level 1 in Polearms
   743 | D:2      | Reached skill level 1 in Staves
   743 | D:2      | Reached skill level 1 in Slings
   743 | D:2      | Reached skill level 1 in Bows
   743 | D:2      | Reached skill level 1 in Crossbows
   743 | D:2      | Reached skill level 1 in Throwing
   743 | D:2      | Reached skill level 1 in Armour
   743 | D:2      | Reached skill level 1 in Shields
   743 | D:2      | Reached skill level 1 in Unarmed Combat
   743 | D:2      | Reached skill level 1 in Evocations
   986 | D:2      | Reached XP level 4. HP: 32/32 MP: 3/11
   991 | D:2      | Learned a level 3 spell: Static Discharge
   996 | D:2      | Learned a level 4 spell: Airstrike
  1020 | D:2      | Noticed Natasha
  1025 | D:3      | Noticed Lanoc's ghost (amateur NaAM)
  1052 | D:2      | Killed Natasha
  1220 | D:2      | Noticed Natasha
  1223 | D:2      | Killed Natasha
  1223 | D:2      | Reached skill level 1 in Hexes
  1223 | D:2      | Reached skill level 1 in Charms
  1223 | D:2      | Reached skill level 1 in Summonings
  1223 | D:2      | Reached skill level 1 in Necromancy
  1223 | D:2      | Reached skill level 1 in Translocations
  1223 | D:2      | Reached skill level 1 in Transmutations
  1223 | D:2      | Reached skill level 1 in Fire Magic
  1223 | D:2      | Reached skill level 1 in Ice Magic
  1223 | D:2      | Reached skill level 1 in Earth Magic
  1223 | D:2      | Reached skill level 1 in Poison Magic
  1378 | D:2      | Reached XP level 5. HP: 34/37 MP: 3/12
  1402 | D:2      | Found a shattered altar of Ashenzari.
  1402 | D:2      | Found a basalt altar of Yredelemnul.
  1404 | D:2      | Found a hide-covered altar of Uskayaw.
  1410 | D:2      | Became a worshipper of Ashenzari the Shackled
  1546 | D:2      | Found a sparkling altar of Nemelex Xobeh.
  1644 | D:2      | Found a blossoming altar of Fedhas.
  1657 | D:2      | Noticed an oklob plant
  2264 | D:3      | Noticed Robin
  2277 | D:3      | Killed Robin
  2352 | D:3      | Killed Lanoc's ghost
  2352 | D:3      | Reached XP level 6. HP: 44/44 MP: 0/14
  2531 | D:3      | Found a glowing silver altar of Zin.
  2532 | D:3      | Found a stormy altar of Qazlal.
  2585 | D:3      | Found a shadowy altar of Dithmenos.
  2663 | D:3      | Learned a level 5 spell: Lightning Bolt
  2680 | D:3      | Reached * piety under Ashenzari
  2822 | D:4      | You fall through a shaft!
  2822 | D:5      | Entered Level 5 of the Dungeon
  2824 | D:5      | Found a staircase to the Ecumenical Temple.
  2830 | Temple   | Entered the Ecumenical Temple
  2847 | D:5      | Found Gozag's Platinum Reserve.
  2849 | D:5      | Found an opulent altar of Gozag.
  2918 | D:5      | Reached skill level 5 in Dodging
  3602 | D:5      | Reached XP level 7. HP: 50/50 MP: 9/15
  3641 | D:6      | Noticed Pikel
  4239 | D:6      | HP: 1/51 [Pikel/whip of freezing (3)]
  4860 | D:4      | Reached ** piety under Ashenzari
  4887 | D:4      | Reached skill level 5 in Stealth
  5004 | D:4      | Reached XP level 8. HP: 35/57 MP: 1/16
  5243 | D:4      | Noticed a moth of wrath
  5246 | D:4      | Found a bloodstained altar of Trog.
  5598 | D:5      | Killed Pikel
  5793 | D:6      | Reached XP level 9. HP: 56/65 MP: 0/18
  6891 | D:6      | Found an ornate altar of the Wu Jian Council.
  6988 | D:7      | Noticed Prince Ribbit
  7005 | D:6      | Killed Prince Ribbit
  7183 | D:7      | Found a glowing golden altar of the Shining One.
  7439 | D:7      | Reached skill level 5 in Invocations
  7540 | D:7      | Found a runed door.
  7951 | D:7      | Noticed Crazy Yiuf
  7954 | D:7      | Killed Crazy Yiuf
  8362 | D:8      | Noticed tidbits's ghost (novice GnTm)
  8553 | D:9      | Reached XP level 10. HP: 42/73 MP: 15/20
  8869 | D:9      | Reached *** piety under Ashenzari
  9375 | D:9      | Noticed Grum
  9554 | D:8      | Reached skill level 5 in Fighting
  9554 | D:8      | Reached skill level 5 in Short Blades
  9554 | D:8      | Reached skill level 5 in Long Blades
  9554 | D:8      | Reached skill level 5 in Axes
  9554 | D:8      | Reached skill level 5 in Maces & Flails
  9554 | D:8      | Reached skill level 5 in Polearms
  9554 | D:8      | Reached skill level 5 in Staves
  9554 | D:8      | Reached skill level 5 in Slings
  9554 | D:8      | Reached skill level 5 in Bows
  9554 | D:8      | Reached skill level 5 in Crossbows
  9554 | D:8      | Reached skill level 5 in Throwing
  9554 | D:8      | Reached skill level 5 in Armour
  9554 | D:8      | Reached skill level 5 in Shields
  9554 | D:8      | Reached skill level 5 in Unarmed Combat
  9554 | D:8      | Reached skill level 5 in Evocations
 10516 | D:8      | Found a staircase to the Lair.
 10958 | D:9      | Killed Grum
 11278 | D:9      | Found an ancient bone altar of Kikubaaqudgha.
 11529 | D:9      | Reached skill level 5 in Conjurations
 12215 | D:10     | Entered Level 10 of the Dungeon
 12367 | D:10     | Found Urycviw's Weapon Shoppe.
 12400 | D:10     | Noticed a two-headed ogre
 13433 | D:10     | Reached XP level 11. HP: 81/81 MP: 9/22
 13622 | D:10     | Reached **** piety under Ashenzari
 13674 | D:10     | Killed a two-headed ogre
 14111 | D:11     | Noticed slowboat's ghost (novice TeCK)
 14120 | D:11     | Killed slowboat's ghost
 14120 | D:11     | Reached skill level 5 in Hexes
 14120 | D:11     | Reached skill level 5 in Charms
 14120 | D:11     | Reached skill level 5 in Summonings
 14120 | D:11     | Reached skill level 5 in Necromancy
 14120 | D:11     | Reached skill level 5 in Translocations
 14120 | D:11     | Reached skill level 5 in Transmutations
 14120 | D:11     | Reached skill level 5 in Fire Magic
 14120 | D:11     | Reached skill level 5 in Ice Magic
 14120 | D:11     | Reached skill level 5 in Earth Magic
 14120 | D:11     | Reached skill level 5 in Poison Magic
 14304 | D:11     | Identified the cursed +2 falchion "Niuschi" {flame, +Blink}
 14819 | D:11     | Noticed a green ugly thing
 14884 | D:11     | Noticed a two-headed ogre
 14900 | D:11     | Killed a two-headed ogre
 15066 | D:11     | Noticed an unseen horror
 15073 | D:11     | Killed an unseen horror
 15271 | D:11     | Found a staircase to the Orcish Mines.
 15455 | D:11     | Killed a green ugly thing
 15636 | D:12     | Found Ciav's Gadget Shoppe.
 15738 | D:12     | Identified the +1 leather armour of Kithricos {MR+ Str+2 Stlth+}
 15778 | D:12     | Noticed a deep elf mage
 15791 | D:12     | Killed a deep elf mage
 15872 | D:12     | Noticed a tengu warrior
 15893 | D:12     | HP: 4/85 [tengu warrior/enchanted battleaxe (11)]
 15952 | D:12     | Killed a tengu warrior
 16692 | D:12     | Noticed a death knight
 16832 | D:12     | Reached XP level 12. HP: 63/92 MP: 9/24
 16987 | D:12     | Identified the +4 war axe "Amug Sid" {flame, Str+4}
 17077 | D:12     | Gained mutation: You are frail. (-10% HP) [potion of mutation]
 17077 | D:12     | Gained mutation: You are covered in fur. (AC +1) [potion of mutation]
 17077 | D:12     | Gained mutation: Your muscles are strong. (Str +2) [potion of mutation]
 17889 | D:11     | Slain by a slime creature

Vault maps used:
D:1:      dpeg_arrival_lava_altar, minmay_misc_feat_x, minmay_lizard_pond
D:2:      gammafunk_temple_overflow_claw, old_standard_altar, tgw_fedhas,
          uniq_natasha
D:3:      gammafunk_temple_overflow_statue, nicolae_overflow_crystal_walls,
          st_stairs_3, uniq_robin
D:4:      tgw_trog, first_ration
D:5:      nicolae_gozag_zags_fifth_avenue, temple_statues
D:6:      basic_altar, uniq_pikel
D:7:      basic_altar, uniq_prince_ribbit1, uniq_crazy_yiuf_cottage
D:8:      dpeg_oklobed_lair
D:9:      kennysheep_little_box, serial_bayou_lake_a, uniq_grum
D:10:     serial_shops, shop
D:11:     david_orc_3, serial_glass, glass_columns_c, glass_columns_a
D:12:     serial_shops, nicolae_shop_crystal, grunt_tengu_nest, uniq_azrael
Temple:   minmay_temple_bridge_abc

Skill      XL: |  1  2  3  4  5  6  7  8  9 10 11 12 |
---------------+-------------------------------------+-----
Conjurations   | 2 3 4 5 6 |  6.1
Spellcasting   | 5 6 7 8 |  8.5
Invocations    | 1 2 3 4 5 6 7 |  7.4
Fighting       | 1 2 3 4 6 7 8 |  8.1
Short Blades   | 1 2 3 4 5 6 |  6.8
Long Blades    | 1 2 3 4 5 6 |  6.8
Axes           | 1 2 3 4 5 6 |  6.8
Maces & Flails | 1 2 3 4 5 6 |  6.8
Polearms       | 1 2 3 4 5 6 |  6.8
Staves         | 1 2 3 4 5 6 |  6.8
Slings         | 1 2 3 4 5 6 |  6.8
Bows           | 1 2 3 4 5 6 |  6.8
Crossbows      | 1 2 3 4 5 6 |  6.8
Throwing       | 1 2 3 4 5 6 |  6.8
Armour         | 1 2 3 4 5 6 |  6.8
Shields        | 1 2 3 4 5 6 |  6.8
Unarmed Combat | 1 2 3 4 5 6 |  6.8
Evocations     | 1 2 3 4 5 6 |  6.8
Hexes          | 1 2 3 4 5 |  5.6
Charms         | 1 2 3 4 5 |  5.6
Summonings     | 1 2 3 4 5 |  5.6
Necromancy     | 1 2 3 4 5 |  5.6
Translocations | 1 2 3 4 5 |  5.6
Transmutations | 1 2 3 4 5 |  5.6
Fire Magic     | 1 2 3 4 5 |  5.6
Ice Magic      | 1 2 3 4 5 |  5.6
Earth Magic    | 1 2 3 4 5 |  5.6
Poison Magic   | 1 2 3 4 5 |  5.6
Dodging        | 5 6 7 8 |  8.3
Stealth        | 5 6 7 8 |  8.1
Air Magic      | 6 7 8 |  8.0

Action                   |  1- 3 |  4- 6 |  7- 9 | 10-12 || total
-------------------------+-------+-------+-------+-------++-------
Melee: Unarmed           |    19 |     1 |       |       ||    20
       Bite              |     3 |     1 |    15 |    34 ||    53
       Quarterstaff      |       |    12 |   155 |   308 ||   475
Throw: Tomahawk          |       |       |     1 |     2 ||     3
 Cast: Shock             |    43 |    76 |   206 |   260 ||   585
       Airstrike         |       |    15 |    48 |    76 ||   139
       Lightning Bolt    |       |       |     1 |       ||     1
       Swiftness         |       |       |     3 |     1 ||     4
Invok: Curse Item        |       |     1 |       |     1 ||     2
  Use: Scroll            |       |       |     6 |    15 ||    21
       Potion            |       |       |     2 |    10 ||    12
 Stab: Sleeping          |       |       |     4 |     7 ||    11
       Distracted        |       |       |       |     1 ||     1
  Eat: Chunk             |       |     5 |    13 |    25 ||    43
       Ration            |       |     2 |     2 |     4 ||     8
Armor: Robe              |     2 |     3 |       |       ||     5
       Leather armour    |       |       |    63 |   106 ||   169
Dodge: Dodged            |    22 |    20 |   176 |   407 ||   625

Table legend:
 A = Spawn XP
 B = Non-spawn XP
 C = Spawn XP percentage of total XP
 D = Spawn monster count
 E = Non-spawn monster count
 F = Spawn count percentage of total count
 G = Total turns spent on level
                    A         B        C        D         E        F      G
               +---------+---------+-------+---------+---------+-------+---------
         Total |       0 |   19566 |   0.0 |       0 |     341 |   0.0 | 17889
               +---------+---------+-------+---------+---------+-------+---------
           D:1 |       0 |      34 |   0.0 |       0 |      24 |   0.0 |   674
           D:2 |       0 |     217 |   0.0 |       0 |      25 |   0.0 |  1580
           D:3 |       0 |     185 |   0.0 |       0 |      20 |   0.0 |   565
           D:4 |       0 |     688 |   0.0 |       0 |      31 |   0.0 |  1231
           D:5 |       0 |    1011 |   0.0 |       0 |      19 |   0.0 |  1876
           D:6 |       0 |    1440 |   0.0 |       0 |      30 |   0.0 |  1185
           D:7 |       0 |     967 |   0.0 |       0 |      27 |   0.0 |  1297
           D:8 |       0 |    1042 |   0.0 |       0 |      31 |   0.0 |  1447
           D:9 |       0 |    2018 |   0.0 |       0 |      29 |   0.0 |  2493
          D:10 |       0 |    3057 |   0.0 |       0 |      40 |   0.0 |  1989
          D:11 |       0 |    5514 |   0.0 |       0 |      44 |   0.0 |  1339
          D:12 |       0 |    3393 |   0.0 |       0 |      21 |   0.0 |  2211
               +---------+---------+-------+---------+---------+-------+---------
